 Dungeon Crawl Stone Soup version 0.22-a0-135-g6f012ad (webtiles) character file.

1966 sankara the Skirmisher (level 9, -5/81 HPs)
             Began as a Minotaur Fighter on Feb 1, 2018.
             Was a Priest of the Shining One.
             Slain by a polar bear (31 damage)
             ... created by the rage of Trog
             ... on level 6 of the Dungeon.
             The game lasted 00:18:16 (4567 turns).

sankara the Skirmisher (Minotaur Fighter)           Turns: 4567, Time: 00:18:17

Health: -5/81      AC:  9    Str: 25    XL:     9   Next: 0%
Magic:  8/8        EV: 12    Int:  5    God:    the Shining One [***...]
Gold:   141        SH:  0    Dex: 16    Spells: 8/8 levels left

rFire    . . .     SeeInvis .   a - +0 long sword
rCold    . . .     Gourm    .   c - +0 shield
rNeg     + . .     Faith    .   b - +0 scale mail
rPois    .         Spirit   .   (helmet restricted)
rElec    .         Reflect  .   n - +0 cloak
rCorr    .         Harm     +   M - +0 pair of gloves
MR       .....                  (no boots)
Stlth    ..........             t - amulet of harm
HPRegen  0.23/turn              y - +3 ring of dexterity
MPRegen  0.11/turn              K - +4 ring of strength

@: confused, glowing
A: retaliatory headbutt, horns 2
a: Divine Shield, Renounce Religion


You were on level 6 of the Dungeon.
You worshipped the Shining One.
The Shining One was most pleased with you.
You were not hungry.

You visited 1 branch of the dungeon, and saw 6 of its levels.
You also visited: Sewer and Ossuary.

You collected 311 gold pieces.
You spent 170 gold pieces at shops.

Inventory:

Hand Weapons
 a - a +0 long sword (weapon)
Missiles
 x - 51 poisoned needles
 F - 4 tomahawks (quivered)
Armour
 b - a +0 scale mail (worn)
 c - a +0 shield (worn)
 n - a +0 cloak (worn)
 w - a +0 plate armour
 M - a +0 pair of gloves (worn)
Jewellery
 t - an amulet of harm (around neck)
 y - a +3 ring of dexterity (left hand)
 K - a +4 ring of strength (right hand)
Wands
 C - a wand of acid (13)
Scrolls
 g - 2 scrolls of enchant armour
 i - a scroll of magic mapping
 k - 9 scrolls of identify
 s - 5 scrolls of teleportation
 u - a scroll of immolation {unknown}
 z - 3 scrolls of remove curse
 D - a scroll of blinking {unknown}
 E - a scroll of random uselessness {unknown}
 G - a scroll of fog {unknown}
 I - a scroll of amnesia
 J - a scroll of enchant weapon
Potions
 d - 5 potions of might
 e - 5 potions of haste {unknown}
 h - 2 potions of mutation {unknown}
 j - 6 potions of flight
 l - 6 potions of curing {unknown}
 m - 2 potions of agility {unknown}
 o - 2 potions of brilliance {unknown}
 q - a potion of berserk rage {unknown}
 r - 6 potions of heal wounds {unknown}
 v - 2 potions of cancellation {unknown}
 A - 2 potions of lignification {unknown}
 B - a potion of ambrosia {unknown}
 H - a potion of magic {unknown}
 L - a potion of degeneration {unknown}
Comestibles
 f - 9 rations
 p - 2 chunks of flesh


   Skills:
 + Level 7.9 Fighting
 * Level 7.6 Long Blades
   Level 3.0 Maces & Flails
 - Level 3.6 Armour
 + Level 6.1 Dodging
 + Level 6.9 Shields


You had 8 spell levels left.
You didn't know any spells.

Dungeon Overview and Level Annotations

Branches:
Dungeon (6/15)
 Temple: D:4-7

Altars:
Cheibriados
Fedhas
Hepliaklqana
Sif Muna
Trog
Yredelemnul
Zin
The Shining One

Shops:
D:4 ?


Innate Abilities, Weirdness & Mutations

You reflexively headbutt those who attack you in melee.
You have a pair of horns on your head.


Message History

The polar bear bites you but does no damage.
The polar bear claws you. The polar bear barely misses you. x2
The polar bear misses you.
The polar bear claws you but does no damage.
You hit the black bear. You headbutt the black bear!
The black bear is moderately wounded.
The black bear bites you but does no damage.
The black bear misses you. The black bear claws you.
The polar bear barely misses you.
The polar bear claws you but does no damage.
The polar bear claws you. The polar bear bites you!
The polar bear claws you but does no damage.
The polar bear closely misses you. The black bear bites you!
The black bear claws you but does no damage.
The black bear claws you.
The polar bear bites you but does no damage.
The polar bear claws you. x2; The polar bear closely misses you.
The polar bear claws you but does no damage. x2
The polar bear bites you!!
You die...

##.....# #......# #.##.###
#.#...## ## #.#....# #.#
#..#.## #......# ...# #.....#
#....#.# ...####.###h####
#......#
........h@hh..####.....#
##.#.#.###h##........#.#
(......# #.##..........#
######...###.##..........#
###............##.........###
#.......####.#####..........
#.......# #.# #........###
#.......# #.# #........#
#.......# ... #..##.#<.#


You could see 3 polar bears and 2 black bears.

Vanquished Creatures
  Pikel (D:5)
  2 ogres
  A sky beast (D:6)
  A centaur (D:5)
  2 elf skeletons (D:5)
  3 water moccasin zombies (Ossuary)
  A centaur zombie (D:6)
  A human zombie (D:5)
  An orc priest (D:4)
  2 hounds
  A bullfrog skeleton (D:6)
  A centaur skeleton (D:4)
  2 human skeletons (D:5)
  3 iguanas
  6 orc wizards
  2 worker ants (D:4)
  A killer bee zombie (D:5)
  3 big kobold zombies (Ossuary)
  2 mummies (Ossuary)
  8 adders
  A shadow imp (D:6)
  4 adder zombies (Ossuary)
  2 worms (D:2)
  2 dart slugs
  4 leopard geckos
  31 orcs
  4 giant cockroaches
  10 hobgoblins
  10 jackals
  20 kobolds
  4 quokkas
  5 ball pythons
  12 bats
  7 frilled lizards
  5 goblins
  5 hobgoblin zombies (Ossuary)
  A jackal skeleton (D:4)
  5 kobold zombies (Ossuary)
  A leopard gecko skeleton (D:4)
  An orc skeleton (D:5)
  3 orc zombies (Ossuary)
  11 rats
192 creatures vanquished.

Vanquished Creatures (others)
  A slave (D:5)
  An iguana (D:5)
  An orc (D:5)
  A quokka (D:5)
4 creatures vanquished.

Grand Total: 196 creatures vanquished

Notes
Turn   | Place    | Note
-------+----------+-------------------------------------------
     0 | D:1      | sankara the Minotaur Fighter began the quest for the Orb.
     0 | D:1      | Reached XP level 1. HP: 19/19 MP: 0/0
   249 | D:1      | Reached XP level 2. HP: 27/27 MP: 1/1
   480 | D:1      | Reached skill level 1 in Dodging
   710 | D:1      | Reached XP level 3. HP: 33/33 MP: 2/2
   951 | D:2      | Found a snail-covered altar of Cheibriados.
   970 | D:2      | Reached skill level 1 in Maces & Flails
  1192 | D:2      | Found a basalt altar of Yredelemnul.
  1197 | D:2      | Found a glowing silver altar of Zin.
  1449 | D:2      | Found a bloodstained altar of Trog.
  1498 | D:2      | Became a worshipper of Trog the Wrathful
  1553 | D:3      | Found a hazy altar of Hepliaklqana.
  1572 | D:3      | Reached XP level 4. HP: 40/41 MP: 3/3
  1832 | D:3      | Found a deep blue altar of Sif Muna.
  1862 | D:3      | Reached skill level 5 in Fighting
  1862 | D:3      | Reached XP level 5. HP: 38/48 MP: 4/4
  2015 | D:3      | Reached * piety under Trog
  2692 | D:4      | Noticed an ogre
  2697 | D:4      | Killed an ogre
  2697 | D:4      | Reached XP level 6. HP: 57/57 MP: 5/5
  3012 | D:4      | Found a bloodstained altar of Trog.
  3189 | D:4      | Found a glowing golden altar of the Shining One.
  3218 | D:4      | Fell from the grace of Trog
  3218 | D:4      | Became a worshipper of the Shining One
  3252 | D:4      | Found Fuogiom's Magic Scroll Shop.
  3255 | D:4      | Bought a scroll of teleportation for 30 gold pieces
  3255 | D:4      | Bought a scroll of teleportation for 30 gold pieces
  3255 | D:4      | Bought a scroll of enchant armour for 75 gold pieces
  3255 | D:4      | Bought a scroll of magic mapping for 35 gold pieces
  3270 | D:5      | Entered Level 5 of the Dungeon
  3298 | D:5      | Reached skill level 5 in Shields
  3298 | D:5      | Reached XP level 7. HP: 63/64 MP: 6/6
  3314 | D:5      | Found a sand-covered staircase.
  3327 | Ossuary  | Entered an ossuary
  3435 | Ossuary  | Reached * piety under the Shining One
  3485 | Ossuary  | Reached ** piety under the Shining One
  3619 | D:5      | Found a glowing drain.
  3635 | D:5      | Reached skill level 5 in Long Blades
  3638 | D:5      | Noticed Pikel
  3649 | D:5      | Killed Pikel
  3649 | D:5      | Reached skill level 5 in Dodging
  3649 | D:5      | Reached XP level 8. HP: 34/73 MP: 3/7
  3678 | Sewer    | Entered a sewer
  4269 | D:5      | Found a blossoming altar of Fedhas.
  4539 | D:6      | Reached *** piety under the Shining One
  4562 | D:6      | Reached XP level 9. HP: 81/81 MP: 8/8
  4565 | D:6      | Noticed a polar bear
  4565 | D:6      | Noticed a polar bear
  4565 | D:6      | Noticed a polar bear
  4567 | D:6      | Slain by a polar bear

Vault maps used:
D:1:      co_arrival_random_square_maze
D:2:      cheibriados_altar_1, minitemple, lemuel_crystal_altar, first_ration
D:3:      nicolae_overflow_crystal_walls, lemuel_crystal_altar
D:4:      lemuel_doored_altar, serial_shops, kennysheep_mini_moat, bloody_trog
D:5:      gup_sewer_entry_glass, nicolae_ossuary_entry_catacombs,
          fedhas_altar_fruit_tree, uniq_pikel
D:6:      cheibrodos_barr_body, okawaru_gym_becter, minmay_lizard_king,
          uniq_crazy_yiuf_cottage
Sewer:    kennysheep_pipe_town
Ossuary:  ossuary_tomb_2

Skill      XL: |  1  2  3  4  5  6  7  8 |
---------------+-------------------------+-----
Long Blades    | 3 6 7 |  7.6
Fighting       | 4 5 6 7 |  7.9
Dodging        | 1 2 3 4 5 6 |  6.1
Maces & Flails | 1 2 3 |  3.0
Shields        | 4 5 6 |  6.9
Armour         | |  3.6

Action                   |  1- 3 |  4- 6 |  7- 9 || total
-------------------------+-------+-------+-------++-------
Melee: Long sword        |    26 |     3 |   192 ||   221
       Headbutt          |    19 |    28 |    55 ||   102
       Whip              |    78 |   126 |       ||   204
Invok: Divine Shield     |       |       |     1 ||     1
  Use: Scroll            |     4 |     1 |       ||     5
  Eat: Chunk             |     2 |     5 |     5 ||    12
Armor: Scale mail        |    42 |    43 |    67 ||   152
Dodge: Dodged            |    35 |    43 |   102 ||   180
Block: Shield            |    42 |    66 |   112 ||   220
       Rpst.: Long sword |     5 |       |    17 ||    22

Table legend:
 A = Spawn XP
 B = Non-spawn XP
 C = Spawn XP percentage of total XP
 D = Spawn monster count
 E = Non-spawn monster count
 F = Spawn count percentage of total count
 G = Total turns spent on level
                    A         B        C        D         E        F      G
               +---------+---------+-------+---------+---------+-------+---------
         Total |       0 |    2809 |   0.0 |       0 |     191 |   0.0 |  4567
               +---------+---------+-------+---------+---------+-------+---------
           D:1 |       0 |      45 |   0.0 |       0 |      25 |   0.0 |   905
           D:2 |       0 |      38 |   0.0 |       0 |      19 |   0.0 |   647
           D:3 |       0 |     195 |   0.0 |       0 |      30 |   0.0 |   900
           D:4 |       0 |     452 |   0.0 |       0 |      31 |   0.0 |   818
           D:5 |       0 |    1384 |   0.0 |       0 |      31 |   0.0 |   673
           D:6 |       0 |     273 |   0.0 |       0 |       6 |   0.0 |   120
         Sewer |       0 |      33 |   0.0 |       0 |      24 |   0.0 |   259
       Ossuary |       0 |     389 |   0.0 |       0 |      25 |   0.0 |   245
               +---------+---------+-------+---------+---------+-------+---------
